 Dungeon Crawl Stone Soup version 0.30-a0-840-ga523dec638 (webtiles) character file.

Game seed: 6645233142641803848

2 jimonade the Grave Robber (level 1, -3/13 HPs)
             Began as a Mummy Necromancer on Mar 1, 2023.
             Slain by a hobgoblin (4 damage)
             ... on level 1 of the Dungeon.
             The game lasted 00:00:22 (47 turns).

jimonade the Grave Robber (Mummy Necromancer)         Turns: 47, Time: 00:00:22

Health: -3/13      AC:  2    Str: 11    XL:     1   Next: 33%
Magic:  1/4        EV: 12    Int: 14    God:
Gold:   15         SH:  0    Dex: 12    Spells: 4/5 levels left

rFire   x . .      SeeInvis .    (no weapon)
rCold   + . .      Faith    +    (no shield)
rNeg    + + +      Spirit   .    a - +0 robe
rPois   ∞          Reflect  .    (no helmet)
rElec   .          Harm     .    (no cloak)
rCorr   .          Rampage  .    (no gloves)
Will    .....                    (no boots)
Stlth   ++                       (no amulet)
HPRegen 0.22/turn                (no ring)
MPRegen 0.09/turn                (no ring)

@: no status effects
A: cold resistance 1, negative energy resistance 3, torment resistance 2, heat
vulnerability 1, no potions, faith
a: no special abilities


You were on level 1 of the Dungeon.
You visited 1 branch of the dungeon, and saw 1 of its levels.

You collected 15 gold pieces.

Inventory:

Missiles
 b - 3 stones
Armour
 a - a +0 robe (worn)


   Skills:
 + Level 1.5 Dodging
 + Level 1.5 Stealth
 + Level 2.6 Spellcasting
 * Level 4.1 Necromancy


You had 4 spell levels left.
You knew the following spells:

 Your Spells              Type           Power      Damage    Failure   Level
a - Necrotise             Necr           52%        1d6       4%          1

Your spell library contained the following spells:

 Spells                   Type           Power      Damage    Failure   Level
 Vampiric Draining        Necr           13%        2d6       12%         3
 Animate Dead             Necr           13%        N/A       38%         4
 Agony                    Necr           13%        N/A       75%         5


Dungeon Overview and Level Annotations

Branches:
Dungeon (1/15)

Altars:


Innate Abilities, Weirdness & Mutations

You are immune to poison.
Your flesh is cold resistant. (rC+)
You are immune to negative energy. (rN+++)
You are immune to unholy pain and torment.
You are vulnerable to heat. (rF-)
You do not drink.
You have a special connection with the divine. (Faith)


Message History

You are very lightly contaminated with residual magic.
Nothing appears to happen.
The bat hits you but does no damage.
The bat writhes in agony.
You kill the bat!
The dead are flying!
You swap places.
Your bat skeleton hits the kobold but does no damage.
The hobgoblin hits your bat skeleton.
The kobold completely misses your bat skeleton.
The hobgoblin barely resists.
Your bat skeleton barely misses the kobold.
Your bat skeleton hits the kobold but does no damage. x2
The hobgoblin hits your bat skeleton.
Your bat skeleton is destroyed!
The kobold writhes in agony.
You kill the kobold!
The dead are walking!
The dart slug launches a dart at you. The slug dart hits you.
You are out of magic!
Something barely misses your kobold skeleton.
Something bites your kobold skeleton.
Your magical contamination has completely faded away.
You closely miss the hobgoblin.
Your kobold skeleton hits the dart slug but does no damage.
Something bites your kobold skeleton.
Your kobold skeleton is destroyed!
The hobgoblin hits you.
You closely miss the hobgoblin. The hobgoblin closely misses you.
You hit the hobgoblin but do no damage. The hobgoblin hits you.
* * * LOW HITPOINT WARNING * * *
You closely miss the hobgoblin.
The hobgoblin hits you but does no damage.
You hit the hobgoblin but do no damage. The quokka barely misses you.
The hobgoblin hits you.
* * * LOW HITPOINT WARNING * * *
You are too injured to fight recklessly!
The quokka attacks as you move away! The quokka closely misses you.
The hobgoblin attacks as you move away! The hobgoblin hits you.
You die...

#...≈...≈≈≈. #.
#.......≈≈≈. ..#
#.##.......≈≈≈. $####..
##.##...<.≈.≈≈≈. .......
..........≈~≈≈≈. .......
###.##.....~≈≈≈≈. .......
....#.....≈≈≈≈≈.
..#....#####..##...≈≈≈≈≈#.
...........#g@#...#######
......!..))..r...........
.........#.##....########
...$...............#
#.####.###.##...##.# # #.
#.##...# ... w. r......#
#.. ... #.###..# ##. ....
#.# #...


You could see a quokka and a hobgoblin.

Vanquished Creatures
  A bat (D:1)
  A kobold (D:1)
  A rat (D:1)
3 creatures vanquished.

Notes
Turn   | Place    | Note
-------+----------+-------------------------------------------
     0 | D:1      | jimonade the Mummy Necromancer began the quest for the Orb.
     0 | D:1      | Reached XP level 1. HP: 13/13 MP: 4/4
    47 | D:1      | Slain by a hobgoblin

Illustrated notes

Levels and vault maps discovered:
D:1:      dpeg_arrival_pond, layout_basic, serial_park_tiny_2

Action                     || total
---------------------------++-------
  Melee: Unarmed           ||     5
   Cast: Necrotise         ||     4
 Armour: Robe              ||     3
  Dodge: Dodged            ||     3

Table legend: (Time is in decaauts)
 A = Elapsed time spent in this place.
 B = Non-inter-level travel time spent in this place.
 C = Inter-level travel time spent in this place.
 D = Time resting spent in this place.
 E = Time spent auto-exploring this place.
 F = Levels seen in this place.
 G = Mean time per level.
                   A        B        C        D        E       F      G
               +--------+--------+--------+--------+--------+-----+--------+
         Total |     47 |     47 |      0 |      0 |     12 |   1 |   47.0 |
       Dungeon |     47 |     47 |      0 |      0 |     12 |   1 |   47.0 |
               +--------+--------+--------+--------+--------+-----+--------+

Top non-repeatable levels by time:
     D:1: 47 daAuts
